 Dungeon Crawl Stone Soup version 0.30-a0-134-gb40fab5c76 (webtiles) character file.

Game seed: 2107048178357367578

191 Nedwor the Cutter (level 5, -2/41 HPs)
             Began as a Demonspawn Gladiator on Sept 20, 2022.
             Slain by a gnoll
             ... wielding a +0 halberd
             ... led by a gnoll sergeant
              (6 damage)
             ... on level 6 of the Dungeon.
             The game lasted 00:05:13 (4263 turns).

Nedwor the Cutter (Demonspawn Gladiator)            Turns: 4263, Time: 00:05:14

Health: -2/41      AC:  8    Str: 16    XL:     5   Next: 41%
Magic:  5/5        EV:  7    Int: 10    God:
Gold:   147        SH:  0    Dex: 14    Spells: 4/4 levels left

rFire   . . .      SeeInvis .    k - +4 dagger
rCold   . . .      Faith    .    (no shield)
rNeg    . . .      Spirit   .    u - +0 chain mail
rPois   .          Reflect  .    (helmet restricted)
rElec   .          Harm     .    (no cloak)
rCorr   .          Rampage  .    (no gloves)
Will    .....                    (no boots)
Stlth   ..........               (no amulet)
HPRegen 0.13/turn                (no ring)
MPRegen 0.09/turn                (no ring)

@: lethally poisoned (-2 -> -5), hasted, very quick
A: antennae 2, foul stench 2
a: no special abilities


You were on level 6 of the Dungeon.
You visited 1 branch of the dungeon, and saw 4 of its levels.

You collected 147 gold pieces.

Inventory:

Hand Weapons
 k - a +4 dagger (weapon)
Armour
 b - a +0 leather armour
 c - a +1 helmet
 u - a +0 chain mail (worn)
Wands
 a - a wand of flame (11)
 t - a wand of digging (8)
Scrolls
 f - 2 scrolls of teleportation
 i - a scroll of enchant armour
 p - a scroll of blinking
Potions
 h - a potion of brilliance {unknown}
 j - a potion of magic {unknown}
 l - 2 potions of flight
 m - a potion of heal wounds {unknown}
 n - 2 potions of haste
 r - a potion of curing {unknown}
 s - a potion of resistance {unknown}


   Skills:
 + Level 3.1 Fighting
 * Level 4.1 Short Blades
 - Level 1.7 Throwing
 + Level 1.8 Armour
 + Level 3.4 Dodging


You had 4 spell levels left.
You didn't know any spells.
Your spell library contained the following spells:

 Spells                   Type           Power      Damage    Failure   Level
 Magic Dart               Conj           0%         1d3       100%        1
 Call Imp                 Summ           0%         N/A       100%        2
 Mephitic Cloud           Conj/Pois/Air  0%         N/A       100%        3


Dungeon Overview and Level Annotations

Branches:
Dungeon (3/15)

Altars:
Hepliaklqana


Innate Abilities, Weirdness & Mutations

You have a pair of antennae on your head.
You sometimes emit foul miasma when damaged in melee.


Message History

The gnoll shouts!
There is an open door here.
A gnoll sergeant comes into view. It is wielding a +0 spear of venom.
There is an open door here.
The gnoll closely misses you.
You hit the gnoll.
The gnoll is moderately wounded.
The gnoll hits you but does no damage.
The gnoll hits you from afar with a +0 halberd.
You hit the gnoll.
The gnoll is heavily wounded.
The gnoll hits you but does no damage.
The gnoll hits you from afar with a +0 halberd!
You hit the gnoll.
The gnoll is almost dead.
The gnoll hits you with a +0 flail. The gnoll barely misses you.
You hit the gnoll.
You kill the gnoll!
The gnoll hits you from afar with a +0 halberd!
The gnoll hits you from afar with a +0 halberd.
* * * LOW HITPOINT WARNING * * *
Things that are here:
a +0 flail; a gnoll corpse It was a potion of haste.
You feel yourself speed up. The gnoll hits you but does no damage.
You hit the gnoll.
The gnoll is moderately wounded.
The gnoll barely misses you.
The gnoll sergeant hits you from afar with a +0 spear of venom.
* * * LOW HITPOINT WARNING * * *
You are poisoned.
You hit the gnoll.
The gnoll is heavily wounded.
* * * LOW HITPOINT WARNING * * *
You feel sick.
You hit the gnoll.
The gnoll is heavily wounded.
* * * LOW HITPOINT WARNING * * *
You feel sick. The gnoll hits you with a +0 halberd.
You die...

...8.............#
..........#......#
.................#
.....^...####...##
.....##.## ##.##
..... #.# #.# ...8.
#.# #.# .... ##+#
#.# ### ##...# #@#
#.....# #g# ##
.<.....###g##.#####
........##gg......#
.<.....g'.......#.
.......g####...##
.......## #.##
#.....# ## ##...#


You could see a gnoll sergeant and 3 gnolls.

Vanquished Creatures
  A hound (D:6)
  Jessica (D:3)
  Ijyb (D:3)
  A gnoll (D:6)
  4 adders
  2 worms (D:3)
  An orc (D:3)
  3 endoplasms (D:1)
  2 giant cockroaches (D:1)
  5 hobgoblins
  7 jackals (D:3)
  3 quokkas
  6 ball pythons
  4 bats
  A frilled lizard (D:1)
  10 goblins
  2 kobolds
  3 rats
57 creatures vanquished.

Notes
Turn   | Place    | Note
-------+----------+-------------------------------------------
     0 | D:1      | Nedwor the Demonspawn Gladiator began the quest for the
                  | Orb.
     0 | D:1      | Reached XP level 1. HP: 16/16 MP: 1/1
   342 | D:1      | Found a faded altar of an unknown god.
   434 | D:1      | Gained mutation: You may rarely emit foul miasma when
                  | damaged in melee. [demonic ancestry]
   434 | D:1      | Reached XP level 2. HP: 16/22 MP: 2/2
   462 | D:1      | Reached skill level 3 in Short Blades
  1749 | D:2      | Gained mutation: You have a pair of small antennae on your
                  | head. [demonic ancestry]
  1749 | D:2      | Reached XP level 3. HP: 24/28 MP: 3/3
  2290 | D:2      | Reached skill level 1 in Armour
  2794 | D:3      | HP: 1/28 [worm (5)]
  3449 | D:3      | Gained mutation: You sometimes emit foul miasma when
                  | damaged in melee. [demonic ancestry]
  3449 | D:3      | Reached XP level 4. HP: 34/34 MP: 4/4
  3566 | D:3      | Noticed Jessica
  3569 | D:3      | Killed Jessica
  3677 | D:3      | Noticed Ijyb
  3696 | D:3      | Killed Ijyb
  4030 | D:3      | Gained mutation: You have a pair of antennae on your head.
                  | [demonic ancestry]
  4030 | D:3      | Reached XP level 5. HP: 39/40 MP: 5/5
  4107 | D:3      | You fall into a shaft and drop 3 floors!
  4167 | D:6      | Reached skill level 4 in Short Blades
  4194 | D:6      | Found a hazy altar of Hepliaklqana.
  4263 | D:6      | Slain by a gnoll

Illustrated notes

Levels and vault maps discovered:
D:1:      dpeg_arrival_rhombus, layout_basic,
          shapermc_ecumenical_altar_totnotflames
D:2:      layout_loops_ring, serial_forest, infiniplex_forest_clump_cross,
          infiniplex_forest_lined_corner, infiniplex_forest_straight_1,
          infiniplex_forest_fountain, infiniplex_forest_end_double,
          infiniplex_forest_lined_room_2, infiniplex_forest_lined_3_way,
          infiniplex_forest_end_3
D:3:      layout_loops_ring, minmay_quadrilaterals, uniq_natasha, uniq_jessica,
          uniq_ijyb
D:6:      layout_loops_corners, mainiacjoe_overflow_boulevard,
          kennysheep_little_box, st_stairs_1

Skill      XL: |  1  2  3  4  5 |
---------------+----------------+-----
Short Blades   | 3 4 |  4.1
Dodging        | 3 |  3.4
Armour         | 1 |  1.8
Fighting       | 3 |  3.1
Throwing       | |  1.7

Action                   |  1- 3 |  4- 6 || total
-------------------------+-------+-------++-------
Melee: Rapier            |    67 |       ||    67
       Dagger            |    99 |    69 ||   168
       Punch             |     2 |     1 ||     3
  Use: Scroll            |     5 |     2 ||     7
       Potion            |       |     1 ||     1
Armor: Leather armour    |    35 |     8 ||    43
       Chain mail        |       |    21 ||    21
Dodge: Dodged            |   106 |    28 ||   134

Table legend: (Time is in decaauts)
 A = Elapsed time spent in this place.
 B = Non-inter-level travel time spent in this place.
 C = Inter-level travel time spent in this place.
 D = Time resting spent in this place.
 E = Time spent auto-exploring this place.
 F = Levels seen in this place.
 G = Mean time per level.
                   A        B        C        D        E       F      G
               +--------+--------+--------+--------+--------+-----+--------+
         Total |   4236 |   4170 |     66 |    952 |   2653 |   4 | 1059.0 |
       Dungeon |   4236 |   4170 |     66 |    952 |   2653 |   4 | 1059.0 |
               +--------+--------+--------+--------+--------+-----+--------+

Top non-repeatable levels by time:
     D:2: 1461 daAuts
     D:3: 1332 daAuts
     D:1: 1290 daAuts
     D:6: 151 daAuts
